 Dungeon Crawl Stone Soup version 0.18.1-50-g88ac8fd (webtiles) character file.

218 mopl the Sneak (level 5, 0/28 HPs)
             Began as a Vine Stalker Warper on May 17, 2017.
             Was an Initiate of Pakellas.
             Succumbed to a worker ant's poison
             ... on level 4 of the Dungeon.
             The game lasted 00:03:48 (2862 turns).

mopl the Sneak (Vine Stalker Warper)                Turns: 2862, Time: 00:03:48

Health: 0/28       AC:  3    Str: 14    XL:     5   Next: 95%
Magic:  1/9        EV: 11    Int: 13    God:    Pakellas [......]
Gold:   191        SH:  0    Dex: 14    Spells: 1 memorised, 7 levels left

rFire  . . .     SeeInvis .     a - +0 falchion
rCold  . . .     Gourm    .     b - +0 leather armour
rNeg   . . .     Faith    .     (no shield)
rPois  .         Spirit   +     (no helmet)
rElec  .         Dismiss  .     (no cloak)
rCorr  .         Reflect  .     (no gloves)
SustAt .         Harm     .     (no boots)
MR     .....                    u - amulet of regeneration
Stlth  ++........               (no ring)
                                (no ring)

@: lethally poisoned (0 -> -7), not resistant to hostile enchantments,
unstealthy
A: fangs 2, regeneration 1, magic shield, antimagic bite, no device heal 3, rot
immunity
a: Renounce Religion


You were on level 4 of the Dungeon.
You worshipped Pakellas.
Pakellas was noncommittal.
You were hungry.

You visited 1 branch of the dungeon, and saw 4 of its levels.

You collected 191 gold pieces.

Inventory:

Hand Weapons
 a - a +0 falchion (weapon)
Missiles
 e - 5 tomahawks of dispersal
 o - 4 tomahawks (quivered)
Armour
 b - a +0 leather armour (worn)
Jewellery
 u - an amulet of regeneration (around neck)
Scrolls
 d - a scroll of blinking
 g - a scroll of teleportation {unknown}
 i - a scroll of enchant armour {unknown}
 j - a scroll of amnesia {unknown}
 k - 3 scrolls of random uselessness {unknown}
 l - a scroll of fog {unknown}
 m - a scroll of recharging {unknown}
Potions
 h - 3 potions of magic {unknown}
 n - a potion of berserk rage {!q}
 p - a potion of ambrosia
 q - a potion of flight
 r - a potion of mutation {!q}
 s - a potion of curing {unknown}
 t - 2 potions of cure mutation {unknown}
 v - a potion of heal wounds {unknown}
Books
 c - a book of Spatial Translocations

   Spells                             Type                      Level
   a - Apportation                    Translocation                1
   b - Blink                          Translocation                2
   c - Shroud of Golubria             Charms/Translocation         2
   d - Portal Projectile              Translocation                3
   e - Teleport Other                 Translocation                3
   f - Passage of Golubria            Translocation                4
Comestibles
 f - 3 bread rations
 w - a beef jerky


   Skills:
 + Level 3.1 Fighting
 + Level 3.2 Long Blades
 - Level 0.8 Throwing
 - Level 0.7 Armour
 - Level 1.5 Dodging
 + Level 4.2 Stealth
 - Level 2.1 Spellcasting
 - Level 3.0 Translocations
 + Level 0.8 Evocations


You had 7 spell levels left.
You knew the following spells:

 Your Spells              Type           Power        Failure   Level  Hunger
a - Apportation           Tloc           #.........   12%         1    ##.....


Dungeon Overview and Level Annotations

Branches:
Dungeon (4/15)
 Temple: D:4-7

Altars:
Pakellas
Yredelemnul
The Shining One

Annotations:
D:3 exclusion: orc priest, Grinder, Sigmund


Innate Abilities, Weirdness & Mutations

You have extremely sharp teeth.
Your natural rate of healing is unusually fast.
When hurt, damage is shared between your health and your magic reserves.
Your bite disrupts and absorbs the magic of your enemies.
Potions and wands cannot restore your health.
You are immune to rotting.


Message History

* * * LOW HITPOINT WARNING * * *
The worker ant bites you.
* * * LOW HITPOINT WARNING * * *
You closely miss the worker ant.
You bite the worker ant, but do no damage.
The worker ant is heavily wounded.
You feel sick. The worker ant bites you.
* * * LOW HITPOINT WARNING * * *
Unknown command.
You hit the worker ant.
The worker ant is severely wounded.
* * * LOW HITPOINT WARNING * * *
You feel sick. The worker ant bites you.
* * * LOW HITPOINT WARNING * * *
You are more poisoned.
The worker ant poisons you!
You closely miss the worker ant. Your bite misses the worker ant.
The worker ant is severely wounded.
You die...
Pakellas says: That's one more possible approach eliminated.

#.# #.# #. #.# #.#
#....####.######
#. #...........###
#..#.####........#
#..#.####.#.###.##
#.........#.# #.#
####.##.######.#
#.# #...a@.....#
#.# #.#
#.##.##.##.# #.#
#.# #. #.# #
#.###.# #. #.#
#.#...# #. #.##
#.#.#.# #.
#.##.###.#.#.## ##
.. ..............#
.. ..
..........#.## .##
.#.[###...#.##


You could see a worker ant.

Vanquished Creatures
  Jessica (D:2)
  Ijyb (D:3)
  3 gnolls (D:4)
  3 adders
  2 oozes
  3 worms
  A dart slug (D:1)
  A giant gecko (D:1)
  3 orcs (D:3)
  A bat (D:2)
  3 giant cockroaches
  13 goblins
  11 hobgoblins
  13 jackals
  12 kobolds
  3 quokkas
  A ball python (D:1)
  2 giant newts
  7 rats
84 creatures vanquished.

Notes
Turn   | Place    | Note
--------------------------------------------------------------
     0 | D:1      | mopl the Vine Stalker Warper began the quest for the Orb.
     0 | D:1      | Reached XP level 1. HP: 11/11 MP: 4/4
     5 | D:1      | Reached skill level 1 in Stealth
     6 | D:1      | Reached skill level 2 in Fighting
    73 | D:1      | Reached XP level 2. HP: 11/15 MP: 6/6
   218 | D:1      | Reached skill level 2 in Stealth
   221 | D:1      | Reached skill level 2 in Long Blades
   472 | D:1      | Reached XP level 3. HP: 9/18 MP: 5/7
   957 | D:2      | Reached skill level 3 in Stealth
   959 | D:2      | Noticed Jessica
   984 | D:2      | Killed Jessica
   984 | D:2      | Reached XP level 4. HP: 16/23 MP: 5/8
  1823 | D:3      | Reached XP level 5. HP: 21/28 MP: 7/9
  1939 | D:3      | Reached skill level 4 in Stealth
  2094 | D:3      | Noticed Ijyb
  2118 | D:3      | Killed Ijyb
  2118 | D:3      | Reached skill level 3 in Fighting
  2118 | D:3      | Reached skill level 3 in Long Blades
  2152 | D:3      | Found an oddly glowing altar of Pakellas.
  2157 | D:3      | Became a worshipper of Pakellas the Inventive
  2176 | D:3      | Noticed Sigmund
  2176 | D:3      | Noticed Grinder
  2196 | D:3      | Found a basalt altar of Yredelemnul.
  2395 | D:4      | Found a glowing golden altar of the Shining One.
  2861 | D:4      | HP: 1/28 [worker ant (1)]
  2862 | D:4      | Succumbed to a worker ant's poison

Skill      XL: |  1  2  3  4  5 |
---------------+----------------+-----
Stealth        | 1 2 3 4 |  4.2
Fighting       | 2 3 |  3.1
Long Blades    | 2 3 |  3.2
Throwing       | |  0.8
Armour         | |  0.7
Dodging        | |  1.5
Spellcasting   | |  2.1
Translocations | |  3.0
Evocations     | |  0.8

Action                   |  1- 3 |  4- 6 || total
-------------------------+-------+-------++-------
Melee: Falchion          |    99 |   169 ||   268
       Bite              |    22 |    44 ||    66
  Use: Scroll            |       |     4 ||     4
 Stab: Sleeping          |     4 |     7 ||    11
  Eat: Chunk             |       |     6 ||     6
Armor: Leather armour    |    28 |    34 ||    62
Dodge: Dodged            |    54 |    88 ||   142
